General information
- name: BNet
- type: Ladder team game (AT/RT)
- host: Battle.net
- saver: crapshack
map: GolemsInTheMist
- players: 8
- length: 116:46
- speed: Fast
- version: 1.24 W3XP
- replay type: Public
» download(571 KB)
Players
team 1 (winner)
OWLD_HENREH (
green | 56 APM | 6538 actions | 116:46)
8 Blood Mage
3 Flame Strike
3 Siphon Mana
1 Summon Phoenix
1 Banish
4 Paladin
1 Holy Light
1 Divine Shield
1 Resurrection
1 Devotion Aura
» actions
| Assign group hotkey | 93 | |
| Basic commands | 565 | |
| Build / train | 243 | |
| Enter build submenu | 193 | |
| Enter hero's abilities submenu | 12 | |
| Give item / drop item | 9 | |
| Right click | 2922 | |
| Select / deselect | 906 | |
| Select group hotkey | 904 | |
| Use ability | 691 | |
6538 total
» units
| Peasant | 43 | |
| Mortar Team | 2 | |
| Flying Machine | 33 | |
| Goblin Shredder | 10 | |
| Rifleman | 4 | |
| Footman | 1 | |
| Knight | 1 | |
| Dragonhawk Rider | 22 | |
| Sorceress | 1 | |
| Gryphon Rider | 3 | |
| Goblin Zeppelin | 2 | |
122 total
» upgrades
| Masonry | 3 | |
| Lumber Harvesting | 3 | |
| Flak Cannons | 1 | |
| Flying Machine Bombs | 1 | |
| Magic Sentry | 1 | |
| Armor | 2 | |
| Sorceress Training | 1 | |
12 total
» buildings
| Altar of Kings | 2 | |
| Farm | 23 | |
| Lumber Mill | 8 | |
| Arcane Vault | 6 | |
| Scout Tower | 297 | |
| Arcane Tower | 1 | |
| Guard Tower | 66 | |
| Town Hall | 5 | |
| Keep | 3 | |
| Castle | 1 | |
| Arcane Sanctum | 1 | |
| Gryphon Aviary | 5 | |
| Blacksmith | 1 | |
419 total
» build order
00:07 Altar of Kings
00:09 Farm
00:48 Lumber Mill
01:27 Farm
01:52 Farm
03:21 Arcane Vault
03:24 Scout Tower
03:24 Scout Tower
03:26 Scout Tower
03:59 Arcane Tower
03:59 Guard Tower
04:00 Guard Tower
04:53 Farm
04:56 Town Hall
05:00 Scout Tower
05:01 Scout Tower
05:09 Scout Tower
05:28 Keep
06:11 Guard Tower
06:12 Guard Tower
06:12 Guard Tower
07:03 Scout Tower
07:04 Scout Tower
07:05 Scout Tower
07:06 Scout Tower
07:08 Scout Tower
07:09 Scout Tower
07:10 Scout Tower
07:12 Scout Tower
07:13 Scout Tower
07:14 Scout Tower
07:15 Scout Tower
07:23 Scout Tower
07:24 Scout Tower
07:25 Scout Tower
07:25 Scout Tower
07:26 Scout Tower
07:31 Guard Tower
07:33 Guard Tower
07:36 Guard Tower
07:42 Guard Tower
07:57 Guard Tower
08:05 Guard Tower
08:11 Scout Tower
08:12 Scout Tower
08:13 Scout Tower
08:14 Scout Tower
08:15 Scout Tower
08:16 Scout Tower
08:17 Scout Tower
08:18 Scout Tower
08:19 Scout Tower
08:58 Scout Tower
09:00 Scout Tower
09:07 Scout Tower
09:08 Scout Tower
09:09 Scout Tower
09:10 Scout Tower
09:13 Scout Tower
09:40 Guard Tower
09:44 Guard Tower
10:03 Scout Tower
10:04 Scout Tower
10:04 Scout Tower
10:06 Scout Tower
10:07 Scout Tower
10:11 Scout Tower
10:12 Guard Tower
10:52 Guard Tower
11:13 Scout Tower
11:14 Scout Tower
11:15 Scout Tower
11:16 Scout Tower
11:19 Scout Tower
11:20 Scout Tower
11:23 Scout Tower
11:24 Scout Tower
11:25 Scout Tower
11:26 Scout Tower
11:31 Scout Tower
11:34 Scout Tower
11:35 Scout Tower
11:43 Guard Tower
11:46 Guard Tower
11:54 Guard Tower
12:05 Guard Tower
12:12 Scout Tower
12:13 Scout Tower
12:13 Scout Tower
12:14 Scout Tower
12:17 Scout Tower
12:26 Scout Tower
12:27 Scout Tower
12:28 Scout Tower
12:29 Scout Tower
12:30 Scout Tower
12:33 Scout Tower
12:34 Scout Tower
12:35 Scout Tower
12:36 Scout Tower
12:38 Scout Tower
12:43 Scout Tower
12:44 Scout Tower
12:44 Scout Tower
12:47 Scout Tower
12:49 Scout Tower
12:50 Scout Tower
12:52 Guard Tower
13:03 Lumber Mill
13:07 Guard Tower
13:10 Guard Tower
13:22 Farm
14:02 Guard Tower
15:13 Guard Tower
15:16 Guard Tower
15:26 Scout Tower
15:27 Scout Tower
15:28 Scout Tower
15:29 Scout Tower
15:29 Scout Tower
15:30 Scout Tower
15:31 Scout Tower
15:32 Scout Tower
15:33 Scout Tower
15:34 Scout Tower
15:39 Keep
16:05 Guard Tower
16:06 Guard Tower
16:07 Guard Tower
16:08 Scout Tower
16:09 Scout Tower
16:10 Scout Tower
16:12 Scout Tower
16:13 Scout Tower
16:14 Scout Tower
16:16 Scout Tower
16:17 Scout Tower
16:18 Scout Tower
16:23 Scout Tower
16:23 Scout Tower
16:24 Scout Tower
16:28 Scout Tower
16:29 Scout Tower
16:30 Scout Tower
16:35 Scout Tower
16:36 Scout Tower
16:37 Scout Tower
16:38 Scout Tower
16:39 Scout Tower
16:40 Scout Tower
16:41 Scout Tower
16:43 Scout Tower
16:45 Scout Tower
16:46 Scout Tower
16:46 Scout Tower
16:53 Guard Tower
17:05 Guard Tower
17:09 Scout Tower
17:09 Scout Tower
17:09 Scout Tower
17:10 Scout Tower
17:10 Scout Tower
17:11 Scout Tower
17:11 Scout Tower
17:11 Scout Tower
17:12 Scout Tower
17:12 Scout Tower
17:13 Scout Tower
17:14 Scout Tower
17:23 Guard Tower
17:42 Guard Tower
17:44 Guard Tower
17:46 Guard Tower
17:55 Guard Tower
18:03 Town Hall
18:07 Guard Tower
18:22 Scout Tower
18:23 Scout Tower
18:23 Scout Tower
18:24 Scout Tower
18:26 Scout Tower
18:27 Scout Tower
18:27 Scout Tower
18:29 Scout Tower
18:30 Scout Tower
18:31 Scout Tower
18:32 Scout Tower
18:34 Scout Tower
18:35 Scout Tower
18:36 Scout Tower
18:37 Scout Tower
18:37 Scout Tower
18:39 Scout Tower
18:40 Scout Tower
18:40 Scout Tower
18:43 Scout Tower
18:44 Scout Tower
18:45 Scout Tower
18:47 Scout Tower
18:48 Scout Tower
18:51 Scout Tower
18:52 Scout Tower
18:52 Scout Tower
18:53 Scout Tower
18:53 Scout Tower
18:56 Scout Tower
18:56 Scout Tower
18:57 Scout Tower
18:57 Scout Tower
19:19 Scout Tower
19:21 Scout Tower
19:21 Scout Tower
19:22 Scout Tower
19:25 Scout Tower
19:26 Scout Tower
19:28 Scout Tower
19:30 Scout Tower
19:31 Scout Tower
19:32 Scout Tower
19:32 Scout Tower
19:33 Scout Tower
19:34 Scout Tower
19:34 Scout Tower
19:36 Scout Tower
19:37 Scout Tower
19:38 Scout Tower
19:40 Scout Tower
19:41 Scout Tower
19:42 Scout Tower
19:42 Scout Tower
19:44 Scout Tower
19:45 Scout Tower
19:45 Scout Tower
20:01 Guard Tower
20:04 Guard Tower
20:08 Guard Tower
20:15 Castle
20:19 Guard Tower
20:46 Guard Tower
20:48 Guard Tower
20:58 Scout Tower
20:59 Scout Tower
21:00 Scout Tower
21:00 Scout Tower
21:01 Scout Tower
21:02 Scout Tower
21:03 Scout Tower
21:04 Scout Tower
21:05 Scout Tower
21:07 Scout Tower
21:11 Scout Tower
21:13 Scout Tower
21:14 Scout Tower
21:16 Scout Tower
21:17 Scout Tower
21:17 Scout Tower
21:18 Scout Tower
21:19 Scout Tower
21:19 Scout Tower
21:32 Lumber Mill
21:40 Guard Tower
21:47 Lumber Mill
21:51 Lumber Mill
22:15 Guard Tower
22:43 Guard Tower
22:50 Guard Tower
22:53 Guard Tower
22:55 Guard Tower
23:21 Guard Tower
23:42 Guard Tower
24:05 Guard Tower
24:28 Scout Tower
24:29 Scout Tower
24:38 Scout Tower
24:40 Scout Tower
24:40 Scout Tower
24:41 Scout Tower
24:42 Scout Tower
24:43 Scout Tower
24:45 Scout Tower
24:45 Scout Tower
24:47 Scout Tower
24:47 Scout Tower
24:48 Scout Tower
25:01 Scout Tower
25:03 Scout Tower
25:04 Scout Tower
25:05 Scout Tower
25:06 Scout Tower
25:06 Scout Tower
25:08 Scout Tower
25:10 Scout Tower
25:10 Scout Tower
25:18 Guard Tower
25:34 Farm
25:35 Farm
25:35 Farm
25:36 Farm
25:36 Farm
25:36 Farm
25:38 Scout Tower
25:38 Scout Tower
25:39 Scout Tower
25:39 Scout Tower
25:40 Scout Tower
25:40 Scout Tower
25:41 Scout Tower
25:41 Scout Tower
26:13 Guard Tower
26:26 Guard Tower
26:43 Guard Tower
26:49 Scout Tower
26:50 Scout Tower
26:51 Scout Tower
26:51 Scout Tower
26:52 Scout Tower
26:53 Scout Tower
26:54 Scout Tower
26:55 Scout Tower
26:58 Scout Tower
27:00 Scout Tower
27:01 Scout Tower
27:07 Guard Tower
27:27 Guard Tower
27:35 Arcane Sanctum
28:10 Altar of Kings
28:23 Farm
28:24 Farm
28:28 Town Hall
28:34 Lumber Mill
28:35 Farm
28:38 Farm
28:40 Arcane Vault
28:44 Farm
29:51 Arcane Vault
29:56 Arcane Vault
30:01 Arcane Vault
30:09 Arcane Vault
33:00 Keep
33:04 Farm
33:04 Farm
33:05 Farm
33:05 Farm
34:31 Guard Tower
36:01 Gryphon Aviary
36:02 Gryphon Aviary
36:02 Gryphon Aviary
36:12 Farm
36:12 Farm
36:13 Farm
41:00 Scout Tower
41:01 Scout Tower
41:05 Scout Tower
47:32 Blacksmith
48:08 Scout Tower
48:08 Scout Tower
48:08 Scout Tower
48:09 Scout Tower
48:09 Scout Tower
48:10 Scout Tower
48:10 Scout Tower
48:11 Scout Tower
48:11 Scout Tower
48:12 Scout Tower
48:13 Scout Tower
48:13 Scout Tower
48:13 Scout Tower
48:14 Scout Tower
48:14 Scout Tower
48:16 Scout Tower
48:16 Scout Tower
48:17 Scout Tower
48:17 Scout Tower
48:19 Scout Tower
48:19 Scout Tower
48:20 Scout Tower
48:20 Scout Tower
48:20 Scout Tower
48:22 Scout Tower
48:22 Scout Tower
48:22 Scout Tower
48:24 Scout Tower
48:24 Scout Tower
48:24 Scout Tower
48:27 Scout Tower
48:27 Scout Tower
48:28 Scout Tower
48:28 Scout Tower
48:29 Scout Tower
48:30 Scout Tower
48:30 Scout Tower
48:30 Scout Tower
48:31 Scout Tower
48:32 Scout Tower
48:32 Scout Tower
48:34 Scout Tower
48:34 Scout Tower
48:34 Scout Tower
48:36 Scout Tower
48:37 Scout Tower
48:37 Scout Tower
48:40 Guard Tower
49:10 Guard Tower
49:28 Guard Tower
49:41 Guard Tower
50:09 Guard Tower
50:55 Guard Tower
50:57 Guard Tower
51:04 Guard Tower
51:09 Lumber Mill
54:10 Lumber Mill
61:36 Town Hall
65:49 Town Hall
86:08 Gryphon Aviary
86:11 Gryphon Aviary
» items
| Lesser Clarity Potion | 9 | |
| Scroll of Regeneration | 8 | |
| Potion of Mana | 1 | |
| Staff of Sanctuary | 1 | |
| Potion of Healing | 1 | |
20 total
ICSHeadquarters (
red | 30 APM | 254 actions | 08:19)
4 Paladin
2 Holy Light
2 Divine Shield
» actions
| Basic commands | 14 | |
| Build / train | 22 | |
| Enter build submenu | 11 | |
| Enter hero's abilities submenu | 4 | |
| Right click | 83 | |
| Select / deselect | 86 | |
| Use ability | 34 | |
254 total
» units
» upgrades
» buildings
| Altar of Kings | 1 | |
| Farm | 6 | |
| Blacksmith | 1 | |
| Barracks | 1 | |
| Lumber Mill | 1 | |
| Keep | 1 | |
| Castle | 1 | |
| Workshop | 1 | |
13 total
» build order
00:11 Altar of Kings
00:15 Farm
00:46 Blacksmith
01:13 Barracks
01:22 Farm
02:00 Farm
02:40 Farm
03:54 Lumber Mill
04:20 Keep
05:09 Farm
05:34 Farm
07:24 Castle
07:27 Workshop

»
YourALameIRL (
yellow | 37 APM | 3313 actions | 90:22)
7 Blood Mage
3 Flame Strike
2 Banish
1 Siphon Mana
1 Summon Phoenix
» actions
| Basic commands | 396 | |
| Build / train | 134 | |
| Enter build submenu | 63 | |
| Enter hero's abilities submenu | 7 | |
| Remove unit from queue | 8 | |
| Right click | 1563 | |
| Select / deselect | 1019 | |
| Use ability | 123 | |
3313 total
» units
| Peasant | 28 | |
| Footman | 21 | |
| Rifleman | 8 | |
| Mortar Team | 28 | |
| Goblin Zeppelin | 1 | |
| Flying Machine | 12 | |
| Dragonhawk Rider | 6 | |
| Gryphon Rider | 2 | |
106 total
» upgrades
| Gunpowder | 2 | |
| Armor | 1 | |
| Flare | 1 | |
| Swords | 2 | |
6 total
» buildings
| Farm | 19 | |
| Altar of Kings | 2 | |
| Barracks | 2 | |
| Blacksmith | 3 | |
| Keep | 2 | |
| Arcane Vault | 1 | |
| Town Hall | 2 | |
| Workshop | 3 | |
| Lumber Mill | 2 | |
| Scout Tower | 9 | |
| Cannon Tower | 1 | |
| Guard Tower | 4 | |
| Castle | 0 | |
50 total
» build order
00:15 Farm
00:27 Altar of Kings
00:42 Barracks
01:36 Farm
02:26 Farm
02:36 Blacksmith
03:08 Farm
03:33 Keep
04:05 Farm
04:15 Arcane Vault
04:59 Blacksmith
05:28 Town Hall
06:26 Farm
07:33 Workshop
08:40 Workshop
09:00 Lumber Mill
11:07 Farm
11:17 Scout Tower
12:05 Farm
13:01 Cannon Tower
13:26 Scout Tower
21:46 Town Hall
24:28 Farm
27:04 Scout Tower
27:10 Scout Tower
27:46 Farm
28:01 Guard Tower
28:37 Scout Tower
28:39 Guard Tower
30:41 Guard Tower
30:48 Farm
31:33 Castle
34:50 Altar of Kings
35:07 Barracks
36:29 Keep
37:00 Farm
37:44 Farm
37:50 Farm
38:14 Farm
40:09 Scout Tower
40:40 Castle
42:49 Farm
43:55 Farm
44:40 Blacksmith
45:17 Lumber Mill
45:50 Scout Tower
46:48 Farm
47:46 Workshop
50:40 Farm
56:01 Scout Tower
81:06 Scout Tower
87:29 Guard Tower
poopinbed (
purple | 27 APM | 3126 actions | 116:46)
6 Far Seer
2 Feral Spirit
3 Chain Lighting
1 Earth Quake
1 Blood Mage
1 Banish
» actions
| Basic commands | 51 | |
| Build / train | 104 | |
| Enter build submenu | 56 | |
| Enter hero's abilities submenu | 7 | |
| Right click | 2038 | |
| Select / deselect | 724 | |
| Use ability | 146 | |
3126 total
» units
| Peon | 16 | |
| Grunt | 1 | |
| Troll Headhunter/Berserker | 18 | |
| Shaman | 11 | |
| Wind Rider | 12 | |
| Tauren | 4 | |
| Troll Batrider | 6 | |
| Kodo Beast | 1 | |
| Demolisher | 10 | |
| Gryphon Rider | 2 | |
81 total
» upgrades
| Spiked Barricades | 1 | |
| Troll Regeneration | 1 | |
| Ranged Weapons | 2 | |
| Shaman Training | 2 | |
| Pillage | 1 | |
| Armor | 1 | |
| Berserker Upgrade | 1 | |
| Liquid Fire | 1 | |
| Burning Oil | 1 | |
11 total
» buildings
| Orc Burrow | 10 | |
| Altar of Storms | 2 | |
| War Mill | 3 | |
| Barracks | 2 | |
| Watch Tower | 20 | |
| Voodoo Lounge | 1 | |
| Stronghold | 1 | |
| Spirit Lodge | 1 | |
| Great Hall | 2 | |
| Fortress | 1 | |
| Beastiary | 1 | |
| Tauren Totem | 1 | |
| Castle | 1 | |
46 total
» build order
01:48 Orc Burrow
02:23 Altar of Storms
02:40 War Mill
02:48 Orc Burrow
03:34 Orc Burrow
03:49 Barracks
04:16 Watch Tower
04:20 Watch Tower
04:25 Watch Tower
04:48 Voodoo Lounge
05:04 Orc Burrow
05:24 Watch Tower
05:32 Watch Tower
06:06 War Mill
06:27 Watch Tower
07:12 Watch Tower
07:17 Stronghold
08:27 Watch Tower
10:18 Spirit Lodge
14:34 Great Hall
17:28 Fortress
17:38 Watch Tower
19:08 Orc Burrow
19:18 Watch Tower
20:22 Watch Tower
20:29 Watch Tower
21:43 Watch Tower
21:46 Watch Tower
23:08 Orc Burrow
23:11 Orc Burrow
24:23 Beastiary
24:32 Tauren Totem
25:50 Orc Burrow
26:54 Orc Burrow
27:17 War Mill
28:50 Orc Burrow
41:43 Barracks
43:59 Watch Tower
46:41 Watch Tower
48:01 Watch Tower
49:32 Watch Tower
51:17 Watch Tower
52:46 Watch Tower
64:33 Castle
85:29 Altar of Storms
85:43 Great Hall
team 2 (loser)
crapshack (
teal | 37 APM | 4344 actions | 116:46)
10 Blood Mage
3 Flame Strike
3 Siphon Mana
1 Summon Phoenix
3 Banish
» actions
| Assign group hotkey | 14 | |
| Basic commands | 216 | |
| Build / train | 161 | |
| ESC pressed | 12 | |
| Enter build submenu | 75 | |
| Enter hero's abilities submenu | 10 | |
| Remove unit from queue | 7 | |
| Right click | 1783 | |
| Select / deselect | 710 | |
| Select group hotkey | 607 | |
| Use ability | 749 | |
4344 total
» units
| Peasant | 16 | |
| Goblin Shredder | 4 | |
| Goblin Zeppelin | 5 | |
| Gryphon Rider | 7 | |
| Goblin Sapper | 1 | |
33 total
» upgrades
| Masonry | 3 | |
| Swords | 3 | |
| Armor | 3 | |
| Animal War Training | 1 | |
| Storm Hammers | 1 | |
11 total
» buildings
| Altar of Kings | 1 | |
| Farm | 21 | |
| Lumber Mill | 123 | |
| Scout Tower | 196 | |
| Arcane Tower | 1 | |
| Guard Tower | 86 | |
| Town Hall | 3 | |
| Keep | 4 | |
| Castle | 2 | |
| Arcane Vault | 1 | |
| Gryphon Aviary | 3 | |
| Blacksmith | 1 | |
| Barracks | 1 | |
443 total
» build order
00:06 Altar of Kings
00:11 Farm
00:57 Farm
01:08 Lumber Mill
01:45 Scout Tower
02:24 Arcane Tower
02:30 Farm
02:37 Scout Tower
03:27 Guard Tower
04:31 Town Hall
04:34 Scout Tower
04:35 Scout Tower
04:39 Scout Tower
04:41 Scout Tower
04:44 Scout Tower
05:05 Guard Tower
05:10 Guard Tower
05:15 Guard Tower
05:18 Guard Tower
05:38 Scout Tower
06:26 Guard Tower
06:32 Scout Tower
06:38 Scout Tower
06:43 Scout Tower
07:59 Guard Tower
08:00 Guard Tower
08:03 Scout Tower
08:06 Scout Tower
08:07 Scout Tower
08:08 Scout Tower
08:42 Guard Tower
08:43 Guard Tower
08:47 Farm
08:54 Guard Tower
08:55 Guard Tower
09:05 Guard Tower
09:05 Guard Tower
09:13 Keep
09:13 Keep
09:13 Keep
09:34 Guard Tower
09:34 Guard Tower
09:38 Scout Tower
09:42 Scout Tower
10:07 Scout Tower
10:09 Scout Tower
10:11 Scout Tower
10:12 Scout Tower
10:46 Guard Tower
10:51 Guard Tower
10:51 Guard Tower
10:57 Scout Tower
10:59 Scout Tower
11:03 Scout Tower
11:23 Guard Tower
11:30 Scout Tower
11:37 Scout Tower
11:39 Guard Tower
11:39 Guard Tower
11:46 Castle
12:04 Guard Tower
12:08 Scout Tower
12:09 Scout Tower
12:10 Scout Tower
12:11 Scout Tower
12:21 Guard Tower
12:21 Guard Tower
12:35 Scout Tower
12:36 Scout Tower
12:37 Scout Tower
12:38 Scout Tower
12:40 Scout Tower
12:41 Scout Tower
12:45 Scout Tower
12:46 Guard Tower
12:46 Guard Tower
13:04 Farm
13:11 Guard Tower
13:13 Guard Tower
13:13 Guard Tower
13:18 Scout Tower
13:20 Scout Tower
13:21 Scout Tower
13:30 Guard Tower
13:30 Guard Tower
13:53 Guard Tower
13:53 Guard Tower
14:34 Guard Tower
14:39 Scout Tower
14:40 Scout Tower
14:42 Scout Tower
14:42 Scout Tower
14:43 Scout Tower
14:44 Scout Tower
14:44 Scout Tower
14:45 Scout Tower
14:46 Scout Tower
14:47 Scout Tower
14:47 Scout Tower
14:47 Scout Tower
14:48 Scout Tower
14:51 Scout Tower
14:52 Scout Tower
14:53 Scout Tower
14:53 Scout Tower
14:53 Scout Tower
14:54 Scout Tower
15:07 Scout Tower
15:07 Scout Tower
15:07 Scout Tower
15:07 Scout Tower
15:08 Scout Tower
15:08 Scout Tower
15:13 Guard Tower
15:19 Castle
15:19 Castle
15:22 Scout Tower
15:24 Scout Tower
15:24 Scout Tower
15:25 Scout Tower
15:27 Guard Tower
15:32 Scout Tower
15:33 Scout Tower
15:33 Scout Tower
15:37 Guard Tower
15:37 Guard Tower
15:54 Scout Tower
15:54 Scout Tower
15:54 Scout Tower
15:55 Scout Tower
15:55 Scout Tower
15:56 Scout Tower
15:59 Guard Tower
16:03 Guard Tower
16:03 Guard Tower
16:08 Guard Tower
16:08 Guard Tower
16:15 Guard Tower
16:15 Guard Tower
16:24 Scout Tower
16:25 Scout Tower
16:30 Scout Tower
16:31 Scout Tower
16:32 Scout Tower
16:32 Scout Tower
16:33 Scout Tower
16:33 Scout Tower
16:33 Scout Tower
16:36 Guard Tower
16:45 Scout Tower
16:45 Scout Tower
16:46 Scout Tower
16:46 Scout Tower
16:46 Scout Tower
16:52 Scout Tower
16:52 Scout Tower
16:53 Scout Tower
16:53 Scout Tower
16:53 Scout Tower
16:53 Scout Tower
16:54 Scout Tower
16:54 Scout Tower
16:56 Scout Tower
17:04 Guard Tower
17:05 Guard Tower
17:09 Guard Tower
17:09 Guard Tower
17:36 Scout Tower
17:37 Scout Tower
17:37 Scout Tower
17:37 Scout Tower
17:38 Scout Tower
17:38 Scout Tower
17:40 Scout Tower
17:40 Scout Tower
17:40 Scout Tower
17:42 Scout Tower
17:42 Scout Tower
17:43 Scout Tower
17:43 Scout Tower
17:43 Scout Tower
17:43 Scout Tower
17:45 Scout Tower
17:45 Scout Tower
17:45 Scout Tower
17:45 Scout Tower
17:46 Scout Tower
17:46 Scout Tower
17:47 Scout Tower
17:48 Scout Tower
17:48 Scout Tower
17:49 Scout Tower
18:00 Guard Tower
18:01 Guard Tower
18:04 Scout Tower
18:04 Scout Tower
18:05 Scout Tower
18:05 Scout Tower
18:06 Scout Tower
18:06 Scout Tower
18:06 Scout Tower
18:17 Scout Tower
18:18 Scout Tower
18:18 Scout Tower
18:18 Scout Tower
18:19 Scout Tower
18:19 Scout Tower
18:19 Scout Tower
18:20 Scout Tower
18:20 Scout Tower
18:20 Scout Tower
18:26 Guard Tower
18:26 Guard Tower
18:32 Guard Tower
18:33 Guard Tower
18:53 Guard Tower
19:10 Guard Tower
19:11 Guard Tower
19:16 Arcane Vault
19:21 Guard Tower
19:21 Guard Tower
19:24 Scout Tower
19:24 Scout Tower
19:24 Scout Tower
19:24 Scout Tower
19:25 Scout Tower
19:25 Scout Tower
19:25 Scout Tower
19:25 Scout Tower
19:26 Scout Tower
19:26 Scout Tower
19:57 Guard Tower
20:00 Scout Tower
20:00 Scout Tower
20:01 Scout Tower
20:01 Scout Tower
20:01 Scout Tower
20:02 Scout Tower
20:02 Scout Tower
20:03 Scout Tower
20:04 Scout Tower
20:04 Scout Tower
20:04 Scout Tower
20:05 Scout Tower
20:05 Scout Tower
20:05 Scout Tower
20:08 Guard Tower
20:12 Scout Tower
20:12 Scout Tower
20:12 Scout Tower
20:12 Scout Tower
20:13 Scout Tower
20:13 Scout Tower
20:13 Scout Tower
20:13 Scout Tower
20:47 Town Hall
20:51 Guard Tower
21:05 Guard Tower
21:11 Guard Tower
21:19 Guard Tower
22:10 Guard Tower
22:14 Guard Tower
22:16 Guard Tower
23:19 Guard Tower
32:00 Town Hall
38:23 Farm
38:23 Farm
38:24 Farm
38:24 Farm
38:24 Farm
38:24 Farm
38:25 Farm
38:26 Lumber Mill
38:27 Lumber Mill
38:27 Lumber Mill
38:27 Lumber Mill
38:27 Lumber Mill
38:28 Lumber Mill
38:28 Lumber Mill
38:28 Lumber Mill
38:28 Lumber Mill
38:29 Lumber Mill
38:29 Lumber Mill
38:29 Lumber Mill
38:29 Lumber Mill
38:30 Lumber Mill
38:30 Lumber Mill
38:30 Lumber Mill
38:30 Lumber Mill
38:31 Lumber Mill
38:31 Lumber Mill
38:31 Lumber Mill
38:31 Lumber Mill
38:32 Lumber Mill
38:32 Lumber Mill
38:32 Lumber Mill
38:32 Lumber Mill
38:33 Lumber Mill
38:33 Lumber Mill
38:33 Lumber Mill
38:33 Lumber Mill
38:34 Lumber Mill
38:34 Lumber Mill
38:34 Lumber Mill
38:34 Lumber Mill
38:35 Lumber Mill
38:35 Lumber Mill
38:35 Lumber Mill
38:35 Lumber Mill
40:06 Lumber Mill
40:06 Lumber Mill
40:06 Lumber Mill
40:07 Lumber Mill
40:07 Lumber Mill
40:07 Lumber Mill
40:07 Lumber Mill
40:08 Lumber Mill
41:18 Lumber Mill
41:18 Lumber Mill
41:18 Lumber Mill
41:19 Lumber Mill
41:19 Lumber Mill
52:32 Lumber Mill
52:32 Lumber Mill
52:32 Lumber Mill
52:33 Lumber Mill
52:33 Lumber Mill
52:33 Lumber Mill
52:33 Lumber Mill
52:34 Lumber Mill
52:34 Lumber Mill
52:34 Lumber Mill
52:34 Lumber Mill
52:35 Lumber Mill
52:35 Lumber Mill
52:35 Lumber Mill
52:35 Lumber Mill
52:36 Lumber Mill
52:36 Lumber Mill
52:36 Lumber Mill
52:36 Lumber Mill
52:37 Lumber Mill
52:37 Lumber Mill
52:37 Lumber Mill
52:37 Lumber Mill
52:38 Lumber Mill
52:38 Lumber Mill
52:38 Lumber Mill
52:39 Lumber Mill
52:39 Lumber Mill
52:39 Lumber Mill
52:40 Lumber Mill
52:41 Lumber Mill
52:41 Lumber Mill
52:41 Lumber Mill
52:41 Lumber Mill
52:42 Lumber Mill
52:42 Lumber Mill
52:42 Lumber Mill
52:42 Lumber Mill
52:43 Lumber Mill
52:43 Lumber Mill
52:44 Lumber Mill
52:44 Lumber Mill
63:28 Gryphon Aviary
63:31 Gryphon Aviary
63:33 Gryphon Aviary
63:37 Blacksmith
63:39 Barracks
63:41 Farm
63:42 Farm
63:42 Farm
63:43 Farm
63:44 Farm
63:44 Farm
» items
| Potion of Mana | 2 | |
| Lesser Clarity Potion | 1 | |
| Staff of Sanctuary | 1 | |
4 total
hellmage (
blue | 21 APM | 2448 actions | 116:46)
8 Paladin
3 Divine Shield
3 Devotion Aura
1 Resurrection
1 Holy Light
» actions
| Assign group hotkey | 3 | |
| Basic commands | 338 | |
| Build / train | 97 | |
| Enter build submenu | 25 | |
| Enter hero's abilities submenu | 8 | |
| Right click | 1144 | |
| Select / deselect | 738 | |
| Select group hotkey | 16 | |
| Use ability | 79 | |
2448 total
» units
| Peasant | 11 | |
| Spell Breaker | 21 | |
| Siege Engine | 8 | |
| Mortar Team | 30 | |
| Goblin Zeppelin | 1 | |
71 total
» upgrades
| Lumber Harvesting | 1 | |
| Plating | 3 | |
| Barrage | 1 | |
| Swords | 1 | |
| Gunpowder | 2 | |
| Fragmentation Shards | 1 | |
| Flare | 1 | |
10 total
» buildings
| Farm | 11 | |
| Altar of Kings | 1 | |
| Lumber Mill | 1 | |
| Keep | 1 | |
| Blacksmith | 1 | |
| Arcane Vault | 1 | |
| Scout Tower | 2 | |
| Arcane Sanctum | 2 | |
| Workshop | 2 | |
| Guard Tower | 1 | |
| Castle | 1 | |
| Town Hall | 1 | |
25 total
» build order
00:10 Farm
00:14 Altar of Kings
00:52 Lumber Mill
02:06 Keep
02:20 Blacksmith
03:04 Arcane Vault
03:27 Farm
04:08 Scout Tower
04:12 Farm
04:32 Arcane Sanctum
04:45 Arcane Sanctum
05:34 Workshop
05:43 Farm
06:14 Guard Tower
07:04 Castle
08:54 Farm
08:59 Farm
10:26 Farm
10:51 Farm
12:12 Farm
17:44 Farm
21:23 Scout Tower
22:33 Town Hall
26:28 Workshop
36:31 Farm
» items
| Potion of Healing | 1 | |
| Potion of Mana | 1 | |
| Scroll of Town Portal | 1 | |
| Orb of Fire | 1 | |
4 total
LearnsEEJuticor (
pink | 26 APM | 3053 actions | 116:46)
6 Death Knight
3 Death Coil
2 Unholy Aura
1 Animate Dead
» actions
| Assign group hotkey | 15 | |
| Basic commands | 16 | |
| Build / train | 51 | |
| Enter build submenu | 16 | |
| Enter hero's abilities submenu | 7 | |
| Give item / drop item | 6 | |
| Right click | 1837 | |
| Select / deselect | 543 | |
| Select group hotkey | 347 | |
| Use ability | 212 | |
3053 total
» units
| Acolyte | 7 | |
| Ghoul | 17 | |
| Frost Wyrm | 9 | |
33 total
» upgrades
| Creature Attack | 3 | |
| Creature Carapace | 3 | |
| Freezing Breath | 1 | |
7 total
» buildings
| Altar of Darkness | 1 | |
| Ziggurat | 10 | |
| Crypt | 1 | |
| Nerubian Tower | 1 | |
| Halls of the Dead | 1 | |
| Graveyard | 1 | |
| Black Citadel | 1 | |
| Sacrificial Pit | 1 | |
| Spirit Tower | 1 | |
| Boneyard | 3 | |
21 total
» build order
00:03 Altar of Darkness
00:07 Ziggurat
00:39 Crypt
01:28 Ziggurat
01:59 Ziggurat
02:44 Ziggurat
02:53 Ziggurat
03:47 Nerubian Tower
04:26 Halls of the Dead
04:39 Graveyard
07:49 Black Citadel
08:01 Sacrificial Pit
09:19 Ziggurat
09:21 Ziggurat
09:23 Ziggurat
09:25 Ziggurat
09:27 Ziggurat
11:13 Spirit Tower
11:20 Boneyard
15:52 Boneyard
15:53 Boneyard

»
KatanaBLACK (
orange | 51 APM | 5992 actions | 116:46)
8 Death Knight
3 Death Coil
3 Unholy Aura
1 Animate Dead
1 Death Pact
7 Crypt Lord
3 Spiked Carapace
3 Impale
1 Locust Swarm
» actions
| Assign group hotkey | 870 | |
| Basic commands | 489 | |
| Build / train | 96 | |
| ESC pressed | 21 | |
| Enter build submenu | 24 | |
| Enter hero's abilities submenu | 15 | |
| Give item / drop item | 24 | |
| Remove unit from queue | 5 | |
| Right click | 2160 | |
| Select / deselect | 872 | |
| Select group hotkey | 1240 | |
| Use ability | 176 | |
5992 total
» units
| Acolyte | 15 | |
| Ghoul | 7 | |
| Goblin Shredder | 1 | |
| Abomination | 12 | |
| Goblin Zeppelin | 1 | |
36 total
» upgrades
| Cannibalize | 1 | |
| Unholy Strength | 3 | |
| Unholy Armor | 3 | |
| Disease Cloud | 1 | |
8 total
» buildings
| Crypt | 1 | |
| Ziggurat | 7 | |
| Altar of Darkness | 1 | |
| Graveyard | 1 | |
| Tomb of Relics | 1 | |
| Halls of the Dead | 1 | |
| Spirit Tower | 2 | |
| Nerubian Tower | 1 | |
| Black Citadel | 1 | |
| Slaughterhouse | 2 | |
18 total
» build order
00:15 Crypt
00:23 Ziggurat
00:26 Ziggurat
01:00 Altar of Darkness
01:46 Graveyard
02:17 Tomb of Relics
03:29 Halls of the Dead
03:43 Spirit Tower
03:48 Ziggurat
03:49 Ziggurat
04:30 Ziggurat
04:55 Nerubian Tower
06:10 Black Citadel
07:54 Spirit Tower
08:05 Slaughterhouse
08:06 Slaughterhouse
12:54 Ziggurat
13:34 Ziggurat
» items
| Orb of Corruption | 1 | |
| Potion of Healing | 12 | |
| Scroll of Town Portal | 4 | |
| Potion of Mana | 9 | |
| Orb of Fire | 1 | |
| Scroll of Healing | 1 | |
28 total
Chat log
(00:24 / Allies) LearnsEEJuticor: we rushin or no?
(00:27 / Specific player) crapshack: pl;an?
(00:30 / 4) OWLD_HENREH: towers
(00:34 / Specific player) crapshack: kk
(00:41 / Allies) hellmage: going mass breaker to tank
(00:57 / Allies) LearnsEEJuticor: what you doin oj?
(01:13 / Allies) KatanaBLACK: mellee
(01:23 / Allies) LearnsEEJuticor: kk so ill go with wyrms
(01:36 / Allies) LearnsEEJuticor: so are we rushing or no
(01:41 / Allies) hellmage: no rush cc
(01:44 / Allies) LearnsEEJuticor: kk
(02:04 / 4) OWLD_HENREH: wtf @ pruple
(02:07 / 4) OWLD_HENREH: he put hsi burrow in the next town
(02:10 / 4) OWLD_HENREH: i hoep he hgets harassed
(02:21 / Specific player) crapshack: for creeping?
(03:24 / Allies) LearnsEEJuticor: upgrading to t2 really soon
(03:35 / Allies) hellmage: get tower
(03:42 / Allies) LearnsEEJuticor: got towers
(06:56 / Allies) LearnsEEJuticor: burn through it
(08:46 / Allies) hellmage: lol
(08:59 / Allies) LearnsEEJuticor: my army is following you blue
(09:51 / Allies) hellmage: lol
(09:56 / Allies) LearnsEEJuticor: burn it teal
(11:57 / 4) OWLD_HENREH: get your hero
(12:00 / 4) OWLD_HENREH: its in an obnoxious place
(12:01 / 4) OWLD_HENREH: scouting
(12:05 / Allies) hellmage: meet
(12:17 / Allies) LearnsEEJuticor: i dont have any air yet but ok
(12:23 / Allies) hellmage: i got aa
(12:44 / Allies) LearnsEEJuticor: omw
(13:29 / Allies) hellmage: gogog
(15:09 / Allies) KatanaBLACK: b
(15:47 / Allies) LearnsEEJuticor: air is on the way
(16:17 / Allies) LearnsEEJuticor: blue pull out man
(16:35 / Allies) hellmage: giys you are slow
(16:44 / Allies) LearnsEEJuticor: sorry im workin on it
(17:00 / Allies) LearnsEEJuticor: my air will knock them out
(17:11 / Allies) hellmage: meeet
(17:17 / Allies) KatanaBLACK: get morts
(17:45 / Allies) LearnsEEJuticor: teal is doing nothing but turtling?
(17:57 / Allies) hellmage: i guess
(18:10 / Allies) LearnsEEJuticor: hold on making another set really quick
(18:12 / Allies) hellmage: wyrms wtf?
(18:21 / Allies) hellmage: come pinkà
(18:22 / Allies) LearnsEEJuticor: coming
(19:07 / Allies) hellmage: tal can i have space to pass plz?
(20:06 / Allies) hellmage: LO(L
(20:12 / Allies) LearnsEEJuticor: that was terrible
(20:22 / 4) OWLD_HENREH: wood plz
(20:39 / Allies) hellmage: i n eed a expand
(20:59 / Allies) LearnsEEJuticor: teal give him some money
(21:27 / Allies) crapshack: u want tk?
(21:36 / Allies) hellmage: i ant that
(21:43 / Allies) crapshack: blue is tker
(21:56 / Allies) LearnsEEJuticor: tker?
(22:01 / Allies) hellmage: i nned that expand noob
(22:02 / Allies) crapshack: he kill my building
(22:12 / Allies) LearnsEEJuticor: he needs an exp.
(22:15 / Allies) LearnsEEJuticor: you arent doinjg shit
(22:38 / Allies) hellmage: thx
(22:41 / Allies) LearnsEEJuticor: make alot of tanks so we can wreck their buildings
(23:03 / Allies) hellmage: pnk go hrraas with your wyrmas
(23:08 / Specific player) crapshack: my mines dead, ally wouldnt let me double expo
(23:11 / Specific player) crapshack: im down to 1k plus 2k in mine
(23:13 / Allies) LearnsEEJuticor: they will die too fast
(23:20 / Allies) hellmage: thwere
(23:23 / Allies) hellmage: dsmn
(23:23 / Allies) LearnsEEJuticor: ah kk one sec
(23:28 / Allies) hellmage: back oprange
(23:47 / Allies) hellmage: i nned 200 g
(24:00 / Allies) hellmage: back oramnge
(24:07 / Allies) LearnsEEJuticor: quit it orange
(24:31 / Allies) hellmage: nack
(24:33 / Allies) hellmage: back
(25:03 / Allies) LearnsEEJuticor: they saw me
(26:01 / Allies) hellmage: kill air
(26:04 / Allies) hellmage: wow
(26:56 / Allies) hellmage: kill air base
(27:16 / Allies) LearnsEEJuticor: good idea
(27:53 / Allies) LearnsEEJuticor: this is fun lol
(27:54 / Allies) hellmage: back
(28:01 / Allies) LearnsEEJuticor: me?
(28:02 / 4) OWLD_HENREH: get aa
(28:05 / Allies) hellmage: orange
(28:09 / Specific player) crapshack: y
(28:14 / 4) OWLD_HENREH: oops
(28:15 / 4) OWLD_HENREH: my allies
(28:16 / 4) OWLD_HENREH: the wyrms
(28:17 / Specific player) crapshack: o
(29:00 / Specific player) crapshack: flamestrike our mots
(29:03 / Allies) hellmage: orange
(29:03 / Specific player) crapshack: morters
(29:43 / Allies) LearnsEEJuticor: should i hit the other main base?
(30:27 / Specific player) crapshack: get otherr ud expo
(30:43 / Allies) LearnsEEJuticor: air possitioned outside his base
(31:00 / 4) OWLD_HENREH: no mana
(31:05 / 4) OWLD_HENREH: shit look at those morts tear at my towers
(31:07 / Specific player) crapshack: lol top left
(31:12 / 4) OWLD_HENREH: my ally has a reaction time of 10-20 mi9ns
(31:12 / Allies) hellmage: pink you kii lbase?
(31:18 / Allies) LearnsEEJuticor: reds base
(31:28 / Allies) LearnsEEJuticor: want yellows now?
(31:32 / Allies) hellmage: àyep
(32:24 / Allies) LearnsEEJuticor: yellow going down
(32:35 / Allies) LearnsEEJuticor: main base down
(33:40 / Allies) hellmage: get purp base after
(33:42 / 4) OWLD_HENREH: poopinbed
(33:43 / 4) OWLD_HENREH: lol his name
(33:45 / 4) OWLD_HENREH: hes a retard
(34:14 / Specific player) crapshack: my allies are all rich
(34:22 / 4) OWLD_HENREH: mine are not
(34:26 / 4) OWLD_HENREH: lso we lost our bases
(34:44 / Specific player) crapshack: keep killin ud expo
(35:28 / Allies) hellmage: pink
(35:34 / Allies) LearnsEEJuticor: yes?
(35:38 / Allies) hellmage: after go to purp
(35:49 / Allies) LearnsEEJuticor: not green?
(35:52 / Allies) hellmage: no
(35:56 / Allies) LearnsEEJuticor: kk
(35:58 / Allies) hellmage: his got tower
(36:06 / Allies) LearnsEEJuticor: so does purple
(36:19 / Specific player) crapshack: maybe u should just hawk those things
(36:40 / Allies) LearnsEEJuticor: i got to kill these off and rebuild
(36:42 / Specific player) crapshack: 18 food wyms
(37:23 / Specific player) crapshack: u can flaem and run that ud expo at top
(37:27 / Specific player) crapshack: rofl mass bumblers
(38:08 / Allies) LearnsEEJuticor: can someone pass me some gold plz
(38:13 / Allies) LearnsEEJuticor: teal plz
(38:16 / Allies) LearnsEEJuticor: like 1k
(38:51 / Specific player) crapshack: tons of mrots
(38:54 / Specific player) crapshack: and a pally to res
(38:58 / Specific player) crapshack: kill them now he just ressed
(39:22 / Specific player) crapshack: ill let u mnana drain me
(39:34 / Allies) hellmage: pink base ^purp down soon?
(39:41 / Allies) LearnsEEJuticor: workin on it
(39:45 / Specific player) crapshack: gogo
(39:46 / Specific player) crapshack: 1 flame
(39:47 / Specific player) crapshack: gets kill
(39:51 / Specific player) crapshack: before he ress cooldown
(39:53 / Allies) LearnsEEJuticor: i need some gold and teal wont give me any
(40:30 / Allies) LearnsEEJuticor: killed his here
(40:32 / Allies) LearnsEEJuticor: hero
(40:37 / Specific player) crapshack: u get coilimpaled?
(40:43 / 4) OWLD_HENREH: yeah
(40:47 / Specific player) crapshack: kill all ur workers and get a few units maybe?
(40:51 / Specific player) crapshack: or are we being purists
(40:52 / Specific player) crapshack: this game
(41:24 / Specific player) crapshack: lol i have like 6k gold hidden in building queue
(41:29 / Specific player) crapshack: so faggot ally would quit begging
(41:33 / Allies) LearnsEEJuticor: this is redictulus
(41:34 / Specific player) crapshack: dropp[hack style
(41:35 / Allies) hellmage: wtf pink
(41:41 / Allies) hellmage: share me unit
(41:46 / Allies) LearnsEEJuticor: i cant get him hes covered with units
(41:55 / Allies) LearnsEEJuticor: with towers
(42:00 / Allies) hellmage: share me unit
(42:13 / Allies) LearnsEEJuticor: dude i have absolutely no money these are all i have
(42:37 / Allies) hellmage: redi culous
(43:30 / Allies) hellmage: help pink
(43:38 / Allies) LearnsEEJuticor: comin lol
(43:57 / Allies) hellmage: can we kill this gay hero
(44:09 / Specific player) crapshack: my uds have 1600 giold combined plus expo
(44:56 / Specific player) crapshack: dota master controlling that pult
(44:58 / Allies) hellmage: ài leave soon
(45:03 / Allies) hellmage: its a noob game
(45:15 / Allies) LearnsEEJuticor: dont leave we have them cornered
(45:44 / Allies) hellmage: no more gold minbner
(45:57 / Specific player) crapshack: ur ally know what shckles is?
(45:57 / Allies) hellmage: circle hero ude
(46:24 / Specific player) crapshack: beefy wyrns'
(46:26 / Specific player) crapshack: rofl
(46:37 / Allies) LearnsEEJuticor: his hero is dead
(46:47 / Allies) hellmage: i want the blood mage
(46:58 / Specific player) crapshack: "i want the blood mage"
(47:38 / Specific player) crapshack: that mine is almost dead
(47:39 / Specific player) crapshack: at top
(49:00 / Allies) LearnsEEJuticor: they are at my base im goign to save it
(50:13 / Specific player) crapshack: ur orc has 3400 gold
(50:14 / Specific player) crapshack: :[
(50:23 / 4) OWLD_HENREH: hes TOTALLY braindead
(50:24 / 4) OWLD_HENREH: zero threat
(50:29 / Specific player) crapshack: lol
(50:29 / Specific player) crapshack: k
(50:49 / Allies) hellmage: we lost
(50:56 / Allies) LearnsEEJuticor: no we didnt hold strong
(51:12 / Allies) hellmage: giuys
(51:17 / Allies) hellmage: its a 4 hours game
(51:30 / All) hellmage: most noob game i have never seen
(51:35 / All) YourALameIRL: lol
(52:06 / All) hellmage: im goin to do some popcorb
(52:11 / All) hellmage: i pass all the night here
(52:32 / All) hellmage: a
(52:36 / All) hellmage: back in bae guys
(52:42 / All) hellmage: allin
(52:45 / All) hellmage: back
(52:50 / All) hellmage: all back
(52:53 / All) hellmage: pink
(53:03 / All) hellmage: NOOOOB
(53:05 / All) hellmage: we lsot
(53:29 / All) hellmage: now its gg
(53:37 / Allies) LearnsEEJuticor: just wait
(54:04 / Allies) LearnsEEJuticor: damn it didnt work
(54:48 / 4) OWLD_HENREH: i thought you said your guys were rich
(54:57 / Specific player) crapshack: guess they spent it
(55:09 / 4) OWLD_HENREH: lol did you see how he just let me have those wyrms
(55:13 / Specific player) crapshack: yeah
(55:16 / 4) OWLD_HENREH: should i suicide all hawks now?
(55:18 / Specific player) crapshack: oh u have leaver
(55:18 / 4) OWLD_HENREH: i thinkk i should
(55:19 / Specific player) crapshack: uyeah
(55:20 / Specific player) crapshack: yeah
(55:21 / Specific player) crapshack: only
(55:23 / Specific player) crapshack: not obivous
(55:24 / Allies) LearnsEEJuticor: kill egg
(55:30 / All) YourALameIRL: ahh
(58:40 / 4) OWLD_HENREH: lol look at bottom
(58:43 / 4) OWLD_HENREH: there are acos
(58:45 / 4) OWLD_HENREH: trying to get through
(58:46 / Specific player) crapshack: cant let him get wearthquake
(58:48 / 4) OWLD_HENREH: and peons cutting from my side
(60:04 / 4) OWLD_HENREH: what do you planm to do
(60:05 / 4) OWLD_HENREH: u will die
(60:28 / 4) OWLD_HENREH: in retrospect
(60:31 / All) YourALameIRL: leave
(60:32 / 4) OWLD_HENREH: i should not have gotten magic sentry
(60:33 / All) YourALameIRL: bitchs
(60:40 / Specific player) crapshack: theres no staff anyway
(60:42 / 4) OWLD_HENREH: uyr teammmates arent using invis
(60:44 / All) LearnsEEJuticor: never!
(60:53 / 4) OWLD_HENREH: ur taem still ahs a full number of morts
(61:42 / Specific player) crapshack: ol
(61:45 / Specific player) crapshack: 7 players still in game
(62:29 / Specific player) crapshack: his altar is in ur tower hive
(62:36 / All) LearnsEEJuticor: you guys have to be running out of gold by now
(62:36 / Specific player) crapshack: i think u could tk
(62:38 / Specific player) crapshack: at this point
(62:39 / Specific player) crapshack: i think u should
(62:44 / 4) OWLD_HENREH: whose is?
(62:44 / All) poopinbed: samewithyou....
(62:47 / Allies) LearnsEEJuticor: quit talking to all when you say that...
(63:22 / All) hellmage: back
(63:32 / Allies) LearnsEEJuticor: quit talking to everyone blue...
(63:36 / All) hellmage: orange save your unit to the end
(64:04 / Allies) LearnsEEJuticor: kill it
(64:13 / Allies) LearnsEEJuticor: back
(64:22 / Specific player) crapshack: ILL SPAM STOP
(64:25 / Specific player) crapshack: COME FLAME MORTS
(64:26 / Allies) LearnsEEJuticor: kill it
(64:32 / Allies) LearnsEEJuticor: back
(64:35 / 4) OWLD_HENREH: u have control?
(64:39 / Allies) hellmage: save your unit dude
(64:39 / Specific player) crapshack: I SPAM STOP ON TOWERS
(64:41 / Specific player) crapshack: SO THEY DONT SHOOT
(64:57 / All) YourALameIRL: DAMNIT THIS SHOULD BE A DRAW
(64:59 / Allies) LearnsEEJuticor: dude smite him
(65:01 / All) YourALameIRL: or an allied vic
(65:35 / Specific player) crapshack: LOl at 90000 gold in no mans land
(65:36 / Specific player) crapshack: 9000
(66:01 / Allies) LearnsEEJuticor: smite
(66:11 / Allies) LearnsEEJuticor: blue smite him when he gets close
(66:19 / 4) OWLD_HENREH: lol ur peons
(66:21 / Allies) hellmage: icannot smite huamn lol
(66:23 / 4) OWLD_HENREH: brave pioneers
(66:27 / Allies) LearnsEEJuticor: ah kk
(66:33 / Specific player) crapshack: one ally keeps telling the other to "smite him when he comes close"
(66:37 / Specific player) crapshack: "i cant smite human"
(66:37 / Allies) LearnsEEJuticor: teal get down there
(67:02 / Allies) LearnsEEJuticor: that works
(67:19 / Specific player) crapshack: dont kill all my workers
(67:27 / Allies) LearnsEEJuticor: how are you always invulnerable?
(67:28 / All) YourALameIRL: im goin afk latere
(67:59 / Allies) LearnsEEJuticor: ooo gryphon riders!
(68:00 / Allies) LearnsEEJuticor: awesome
(68:25 / 4) OWLD_HENREH: im making a sorc
(68:31 / 4) OWLD_HENREH: when it comes out i can finally get at those morts again
(69:03 / Specific player) crapshack: why r u building a main at top
(69:27 / Allies) LearnsEEJuticor: this is one reason i dont like humans and orcs god damn turlers
(69:34 / 4) OWLD_HENREH: that was to mine the shit
(69:39 / 4) OWLD_HENREH: in case we take the area
(70:40 / Specific player) crapshack: kill some of that orcx burrows
(70:42 / Allies) LearnsEEJuticor: nice birds teal
(72:00 / Allies) LearnsEEJuticor: that was brillant teal
(72:15 / Specific player) crapshack: we just6 banishcoiled that farserr rofl
(72:45 / 4) OWLD_HENREH: the bottom pasage is open
(73:18 / All) LearnsEEJuticor: figure out that you guys cant win yet?
(73:26 / 4) OWLD_HENREH: poopinbed asks "where did the gryphons go?"
(73:33 / 4) OWLD_HENREH: im not aware that there were EVER any gryphons at ALL
(73:39 / Specific player) crapshack: i have 100 food
(73:40 / Specific player) crapshack: grhyphosn
(73:44 / Specific player) crapshack: he prolly meands ur hawks
(73:48 / 4) OWLD_HENREH: hes talking to you in allies
(73:52 / 4) OWLD_HENREH: he says neither can you
(74:06 / Allies) LearnsEEJuticor: hit tower again
(74:08 / 4) OWLD_HENREH: oh there are gryphons
(74:10 / 4) OWLD_HENREH: waht do you know
(74:11 / Allies) LearnsEEJuticor: blue
(74:15 / Allies) LearnsEEJuticor: nvm
(74:17 / Allies) hellmage: i lst my unit
(74:34 / Allies) LearnsEEJuticor: what unit?
(74:36 / 4) OWLD_HENREH: six morts
(74:49 / All) YourALameIRL: no way in hel we end this game
(74:59 / All) poopinbed: willyou guys leave
(75:04 / All) LearnsEEJuticor: you guys cant win
(75:07 / All) poopinbed: ill afk all nightimn ot afraid
(75:09 / All) YourALameIRL: neither can u
(75:09 / All) poopinbed: neither can you
(75:15 / All) YourALameIRL: ok later
(75:18 / All) poopinbed: i have goldleft
(75:21 / All) LearnsEEJuticor: we still have an army
(75:22 / All) poopinbed: just waiting on you
(75:43 / Specific player) crapshack: wait for him to use his raise
(76:00 / 4) OWLD_HENREH: if the bodies rot hell miss his cahnce...
(76:12 / 4) OWLD_HENREH: ready to spam stop
(76:15 / Specific player) crapshack: he used raise'
(76:25 / 4) OWLD_HENREH: 2 left
(76:26 / Specific player) crapshack: i can only select 12
(76:27 / 4) OWLD_HENREH: he cant raise those
(76:42 / Allies) LearnsEEJuticor: heal morts with hero
(77:22 / 4) OWLD_HENREH: four left
(77:38 / 4) OWLD_HENREH: im coming through your expo
(77:42 / 4) OWLD_HENREH: select those towers and get ready
(77:44 / 4) OWLD_HENREH: also ur birds
(77:49 / Specific player) crapshack: k
(78:02 / 4) OWLD_HENREH: shoot me
(78:03 / 4) OWLD_HENREH: for looks
(78:13 / 4) OWLD_HENREH: just say lag if they ask
(78:16 / Allies) LearnsEEJuticor: he has invis pots
(78:23 / Specific player) crapshack: they dont ask
(78:35 / 4) OWLD_HENREH: we should tk now
(78:46 / 4) OWLD_HENREH: y/n
(78:49 / Specific player) crapshack: y
(78:57 / 4) OWLD_HENREH: tell me when to start
(79:02 / Specific player) crapshack: started
(79:13 / Allies) LearnsEEJuticor: should have smited the orc
(79:23 / Allies) hellmage: only undead
(79:27 / Allies) LearnsEEJuticor: ah kk
(79:47 / Allies) LearnsEEJuticor: teal stop
(79:48 / All) YourALameIRL: wtf green
(80:05 / Allies) hellmage: ?
(80:11 / All) poopinbed: whatareyoudiong
(80:18 / All) crapshack: phase 2 begins now
(80:29 / Allies) LearnsEEJuticor: scout
(80:55 / Specific player) crapshack: lol
(80:58 / 4) OWLD_HENREH: who did that
(80:59 / Allies) LearnsEEJuticor: serlously teal?
(81:03 / Specific player) crapshack: me
(81:04 / 4) OWLD_HENREH: lol
(81:05 / Specific player) crapshack: owned
(81:09 / Allies) hellmage: wow
(81:11 / All) LearnsEEJuticor: teal backstabbing
(81:12 / All) crapshack: u guys
(81:14 / All) crapshack: sat here all this time
(81:16 / All) crapshack: just for this
(81:17 / All) crapshack: LOL
(82:27 / Specific player) crapshack: come get that crypt lor
(82:39 / 4) LearnsEEJuticor: so y are you backstabbing?
(82:49 / Allies) crapshack: it was plan all along
(82:58 / Allies) hellmage: lol
(82:59 / 4) LearnsEEJuticor: im talking to just you man lol
(83:01 / All) poopinbed: ?
(83:33 / Specific player) crapshack: get that pally
(83:37 / Specific player) crapshack: drain its mana if nothing else
(83:43 / 4) LearnsEEJuticor: dude you could win us the game y are you doing this?
(83:51 / Allies) crapshack: ultimate power
(83:54 / Allies) hellmage: im going to sleep cia guys
(84:08 / Allies) hellmage: enjoy your lsot teal
(84:52 / Specific player) crapshack: get that zep over trees or water
(85:34 / All) YourALameIRL: Rawr
(85:42 / 4) LearnsEEJuticor: ok so what is your plan after killing everyone?
(85:50 / Specific player) crapshack: tk more
(86:10 / Allies) crapshack: im going to comquer the world
(86:25 / 4) LearnsEEJuticor: lol really? how you going to do so with all air?
(86:40 / All) YourALameIRL: take us out alrDY
(86:56 / All) YourALameIRL: IM HELPING
(87:01 / 4) LearnsEEJuticor: there you go your the only one left
(87:03 / All) poopinbed: grewen why you even staying>?
(87:07 / 4) LearnsEEJuticor: now win the game
(89:16 / Allies) crapshack: use shield to kill towers
(90:29 / 4) OWLD_HENREH: taht was bad
(90:32 / 4) OWLD_HENREH: the situation was under control
(90:34 / 4) OWLD_HENREH: u shoulda let me do it
(90:35 / Specific player) crapshack: ?
(90:39 / All) hellmage: green and teal are the same
(90:42 / All) hellmage: that why guys
(90:43 / 4) OWLD_HENREH: now they have sadpants
(90:45 / All) hellmage: lol
(91:02 / All) LearnsEEJuticor: like same person?
(91:06 / All) hellmage: yep
(91:14 / All) hellmage: im talk to a gm
(91:18 / All) OWLD_HENREH: you guys are retarded
(91:19 / All) hellmage: to banish his account
(91:21 / All) crapshack: lol
(91:23 / All) OWLD_HENREH: LOL?
(91:25 / All) OWLD_HENREH: banish?
(91:28 / All) hellmage: yep
(91:28 / All) OWLD_HENREH: what the hell is that?
(91:30 / All) OWLD_HENREH: what is a gm?
(91:31 / All) LearnsEEJuticor: ban
(91:37 / All) hellmage: game master
(91:38 / All) OWLD_HENREH: you think those exist in wc3?
(91:39 / All) crapshack: GM???
(91:41 / All) OWLD_HENREH: go back to wow
(91:42 / All) hellmage: yep
(91:46 / All) OWLD_HENREH: you dont pay per month for this game
(91:49 / All) OWLD_HENREH: there is no paid employee
(91:49 / All) hellmage: that exist
(91:51 / All) poopinbed: green spoke meow
(91:53 / All) OWLD_HENREH: youre fucked
(91:58 / All) hellmage: your a hacker
(92:08 / All) poopinbed: gahaha..
(92:14 / All) hellmage: im saving the game with your ip
(92:19 / All) hellmage: and all the shit
(92:23 / All) LearnsEEJuticor: well green is going to win because he has aa and teal only has air
(92:24 / All) crapshack: poopinbed great username
(92:27 / All) OWLD_HENREH: you dont even know what youre saying
(92:33 / All) hellmage: dude
(92:40 / All) LearnsEEJuticor: can you see both ips?
(92:46 / Specific player) crapshack: moving parts?
(92:47 / All) hellmage: you think i am an idiot that why im staying
(92:56 / 4) OWLD_HENREH: ok
(93:01 / All) LearnsEEJuticor: so both ips are the same?
(93:14 / All) hellmage: its a hack program
(93:15 / All) poopinbed: whats going on
(93:21 / All) poopinbed: noits not blue wow
(93:29 / All) hellmage: yep
(93:42 / All) hellmage: all my friends are hacker
(94:01 / All) poopinbed: all my friends are niggers
(94:06 / All) LearnsEEJuticor: lol
(94:59 / 4) OWLD_HENREH: too bad theres no tome of retraining
(95:03 / 4) OWLD_HENREH: or i could put my guy on an island
(95:03 / All) poopinbed: fuck youi green
(95:07 / All) poopinbed: ill beat your @ss
(95:10 / 4) OWLD_HENREH: studies show that noobs stay longer witha hero to look at
(95:38 / Specific player) crapshack: get antoehr hero
(95:40 / Specific player) crapshack: and island it?
(95:46 / 4) OWLD_HENREH: killed my altar
(95:48 / 4) OWLD_HENREH: hassle
(95:58 / All) LearnsEEJuticor: hey blue how can you see their ips?
(95:59 / Specific player) crapshack: get boats
(96:13 / 4) OWLD_HENREH: im broke
(96:39 / All) LearnsEEJuticor: y slaughter yourself?
(97:05 / Specific player) crapshack: hared control
(97:06 / Specific player) crapshack: lol
(97:07 / Specific player) crapshack: sahred
(97:09 / 4) OWLD_HENREH: all parts have stopped
(97:53 / 4) OWLD_HENREH: i shared but hes not here i dont think
(98:00 / 4) OWLD_HENREH: we could leave the bloodmages alive
(98:02 / Specific player) crapshack: u realyize poop will leave as soon as u do
(98:06 / 4) OWLD_HENREH: but then urs is level 10
(98:26 / 4) OWLD_HENREH: poopinbed private chats me
(98:30 / 4) OWLD_HENREH: he says what is your plan here?
(98:39 / 4) OWLD_HENREH: he is finally controlling my stuff
(98:44 / Specific player) crapshack: tell him ull let him take overr
(98:47 / 4) OWLD_HENREH: i think ast this point he is afraid of being made afool of
(98:53 / 4) OWLD_HENREH: i think ill just pretend afk
(99:02 / Allies) crapshack: afk
(99:07 / Specific player) crapshack: same
(99:11 / 4) OWLD_HENREH: what happen 2 ur birds
(99:20 / Specific player) crapshack: suicided
(99:26 / 4) OWLD_HENREH: i missed it
(99:28 / 4) OWLD_HENREH: :(
(100:01 / 4) OWLD_HENREH: ally is clicking on shop
(100:05 / 4) OWLD_HENREH: i think he will try to sell stuff
(100:09 / 4) OWLD_HENREH: i dont know to what end
(100:13 / 4) OWLD_HENREH: he could gegt blimps
(100:16 / 4) OWLD_HENREH: or sappers
(100:18 / 4) OWLD_HENREH: or shredder
(100:21 / Specific player) crapshack: my ally just blew up the shedders w/ sapper
(100:29 / 4) OWLD_HENREH: lol
(100:48 / Specific player) crapshack: cancel ur allys flamestirks
(100:50 / 4) OWLD_HENREH: that flamestrike got cancelled
(100:52 / All) crapshack: w/ s
(100:53 / 4) OWLD_HENREH: he did it to himself
(101:00 / Specific player) crapshack: cancel them with stop
(101:03 / Specific player) crapshack: not with click
(101:06 / Specific player) crapshack: so he just vumbles
(101:16 / Specific player) crapshack: send bird in to die
(101:32 / 4) OWLD_HENREH: hes going to know idid that
(101:42 / Specific player) crapshack: look top left
(101:51 / 4) OWLD_HENREH: what is the point of that....
(101:56 / Specific player) crapshack: ally doing it
(102:11 / 4) OWLD_HENREH: i have 46k wood
(102:37 / 4) OWLD_HENREH: not a lot of trees left ont he ma[
(102:39 / 4) OWLD_HENREH: map
(102:54 / Specific player) crapshack: hero cant do anthing now
(103:04 / 4) OWLD_HENREH: can send pheonixes
(103:12 / Specific player) crapshack: 0 mana
(103:47 / 4) OWLD_HENREH: how are we goign to wrap this up
(103:52 / Specific player) crapshack: never
(104:01 / 4) OWLD_HENREH: i thoguht my guy woudl quit right away if i left
(104:02 / Specific player) crapshack: should have tked alot earlier
(104:06 / 4) OWLD_HENREH: but at this rate he woudl try to win
(104:06 / Specific player) crapshack: lets just kll our heros
(104:09 / Specific player) crapshack: and when its down to 1
(104:11 / Specific player) crapshack: tiehack them out
(104:19 / Specific player) crapshack: briong ur hero to kkilll mine
(104:20 / All) LearnsEEJuticor: psh you thought you could suicide teal lol
(104:31 / Allies) crapshack: i5s not me
(104:36 / Allies) crapshack: 1 of u guys is suiciding
(105:10 / Specific player) crapshack: orange
(105:12 / Allies) crapshack: orange
(105:16 / Allies) crapshack: if u put my hero in ur blimp
(105:19 / Allies) crapshack: noone can control where it goes
(105:21 / Allies) crapshack: except u
(106:18 / 4) OWLD_HENREH: i hsared again
(106:34 / 4) OWLD_HENREH: now there is one trapped bloodmage
(106:44 / Specific player) crapshack: lol
(106:54 / Specific player) crapshack: give him ur wood
(107:24 / 4) OWLD_HENREH: lol
(107:26 / 4) OWLD_HENREH: 46k
(107:33 / All) poopinbed: now give me goldgreen
(107:34 / Specific player) crapshack: 10k to each ally
(107:36 / All) poopinbed: bwehhe
(107:46 / Specific player) crapshack: do it
(107:49 / 4) OWLD_HENREH: i already gave it all to the last guy on my team
(108:01 / Specific player) crapshack: the golwd
(108:09 / 4) OWLD_HENREH: i only have 122
(108:11 / 4) OWLD_HENREH: who do i give that to?
(108:19 / Specific player) crapshack: poop
(108:29 / Specific player) crapshack: kill ur hero
(108:41 / Specific player) crapshack: kill hero and keep bnird alive
(109:22 / 4) OWLD_HENREH: now there is one pehonix
(109:22 / All) LearnsEEJuticor: teal your a bitch you know that?
(110:21 / 4) OWLD_HENREH: if i got the bird killed and we both left what do u think would happen
(110:27 / 4) OWLD_HENREH: we should heve lft them both with a bird
(110:31 / 4) OWLD_HENREH: but your ally is much more spiteful
(110:38 / Specific player) crapshack: poop leaves in 2 secnds
(110:38 / 4) OWLD_HENREH: i think he would just put it right into the towers
(110:41 / 4) OWLD_HENREH: to show you
(110:44 / Specific player) crapshack: i have tker
(110:57 / Specific player) crapshack: suicide bird
(110:58 / 4) OWLD_HENREH: hes the one doing all that with the brid
(111:05 / Specific player) crapshack: b4 there arent enough towers
(111:39 / 4) OWLD_HENREH: lol
(111:39 / All) crapshack: brb
(111:45 / All) poopinbed: im not leaving your game
(111:50 / All) poopinbed: ill be here
(111:55 / All) poopinbed: until you leave
(112:02 / All) poopinbed: B====D
(112:09 / All) OWLD_HENREH: what is that
(112:11 / All) OWLD_HENREH: some kind of face?
(112:16 / All) poopinbed: yeah
(112:19 / All) LearnsEEJuticor: so blue what you doin?>
(112:19 / All) OWLD_HENREH: yours?
(112:20 / All) poopinbed: with a long nose :/
(112:24 / All) poopinbed: yeah :(
(112:32 / All) poopinbed: hey green
(112:38 / 4) OWLD_HENREH: who is blue
(112:43 / All) poopinbed: will you have a conversation wiht me?
(112:45 / All) poopinbed: please
(112:46 / Specific player) crapshack: a guy on my team
(112:49 / All) poopinbed: if you do ill leave foer you
(112:50 / 4) OWLD_HENREH: oh SHIT your whole team is here
(112:51 / 4) OWLD_HENREH: LOL
(112:56 / All) poopinbed: just speak to me
(112:58 / All) poopinbed: please
(113:00 / Specific player) crapshack: yea a bunch of nerds
(113:09 / 4) OWLD_HENREH: kill off more of yoru towers
(113:13 / 4) OWLD_HENREH: they dont know my stuff died
(113:49 / All) poopinbed: now talkgreen
(113:52 / All) poopinbed: i mean business
(114:05 / All) poopinbed: nottalking eh?
(114:18 / 4) OWLD_HENREH: my ally is killin towers now
(114:19 / Specific player) crapshack: lol all three my allies were tking
(115:14 / All) LearnsEEJuticor: teal whats goin on dude just kill yourself off
(115:31 / All) LearnsEEJuticor: oj were you doing that?
(116:12 / Allies) crapshack: u cant kill them all
(116:32 / Specific player) crapshack: u stay a little longer
(116:36 / Specific player) crapshack: im gonna go sit in chat channle
(116:39 / Specific player) crapshack: tlel me if anything hahpens
(116:45 / All) crapshack: g2g my cdat just pooped on my bed
(116:45 / 4) OWLD_HENREH: k